[Event "Titled Tuesday Blitz September 28 2021"]
[White "Tanenbaum, Zachary"]
[Black "Lehtosaari, Mauri"]
[WhiteFideId "2060850"]
[BlackFideId "501999"]
[WhiteElo "2165"]
[BlackElo "2448"]
[Result "1-0"]
[Round "05"]
[TimeControl "180+1"]
[Date "2021.09.28"]
[WhiteClock "0:00:23"]
[BlackClock "0:00:01"]

1. e4 c5 2. Nf3 e6 3. d4 cxd4 4. Nxd4 Qb6 5. Nb3 Qc7 6. Nc3 a6 7. Bd3 b5 8. O-O Nf6 9. f4 d6 10. e5 Nfd7 11. exd6 Bxd6 12. f5 Nf6 13. fxe6 Bxe6 14. Bg5 Nbd7 15. Qf3 Rc8 16. Rae1 O-O 17. Ne4 Be7 18. Nxf6+ Bxf6 19. Qe4 Rfe8 20. Qxh7+ Kf8 21. Qh8+ Ke7 22. Qxg7 Bxg5 23. Rxf7+ Kd6 24. Rxe6+ Rxe6 25. Qd4+ Kc6 26. Be4+ Rxe4 27. Qxe4+ Kb6 28. Qd4+ Nc5 29. Rxc7 1-0


[Site "https://www.chess.com"]

[Event "Titled Tuesday Blitz September 28 2021"]
[White "Timmermans, Mark"]
[Black "Quparadze, Giga"]
[WhiteFideId "1026399"]
[BlackFideId "13602250"]
[WhiteElo "2833"]
[BlackElo "2945"]
[Result "1/2-1/2"]
[Round "05"]
[TimeControl "180+1"]
[Date "2021.09.28"]
[WhiteClock "0:00:09"]
[BlackClock "0:00:21"]

1. b4 e6 2. Bb2 Nf6 3. b5 a6 4. a4 c6 5. c4 d5 6. e3 Bb4 7. Nc3 O-O 8. Nf3 axb5 9. axb5 Rxa1 10. Qxa1 Nbd7 11. Be2 Nc5 12. cxd5 cxd5 13. O-O Nce4 14. Nxe4 dxe4 15. Nd4 Bd6 16. f4 exf3 17. Nxf3 Be7 18. Bd4 Qd5 19. Rc1 Bd7 20. Bc4 Qh5 21. Ne5 Bd6 22. h3 Be8 23. Nf3 Be7 24. Qb2 Bd7 25. Ne5 Be8 26. Nf3 h6 27. Be2 Qd5 28. Bc4 Qd6 29. Bf1 Qd5 30. Bc4 Qh5 31. Be2 Qd5 32. Rc7 Bd6 33. Bc4 Qe4 34. d3 Qg6 35. Rxb7 Nh5 36. Be5 Bc5 37. d4 Qe4 38. dxc5 Qxb7 39. c6 Bxc6 40. bxc6 Qxc6 41. Qb5 Qe4 42. Bd4 Nf6 43. Bd3 Qd5 44. Qxd5 Nxd5 45. e4 Nf4 46. Bf1 Rd8 47. Be5 Nd3 48. Bxd3 Rxd3 49. Kf2 f6 50. Bf4 e5 51. Be3 Kf7 52. h4 h5 53. Ke2 Rc3 54. Nd2 Rc2 55. Kd3 Rc1 56. Ke2 Rc3 57. Nf3 Ke6 58. Bd2 Rc4 59. Kd3 Rc8 60. Bb4 Rd8+ 61. Ke3 Rb8 62. Bc5 Rb3+ 63. Kf2 Rc3 64. Bf8 Kf7 65. Bb4 Rc4 66. Bd2 Rxe4 67. Be3 Ra4 68. Ke2 Ke6 69. Kf2 f5 70. Bg5 f4 71. Bd8 Kf5 72. Bc7 e4 73. Ng5 Ra2+ 74. Kf1 e3 75. g3 Ra1+ 76. Ke2 Ra2+ 77. Kf1 fxg3 78. Bxg3 Kg4 79. Be1 Rh2 80. Ne6 g6 81. Ng5 Rh1+ 82. Ke2 Kf4 83. Ne6+ Ke5 84. Ng5 Kf5 85. Nf3 Kf4 86. Ng5 Rh2+ 87. Kd3 Ra2 88. Ne6+ Ke5 89. Ng5 Kf4 90. Ne6+ Kg4 91. Kxe3 Ra3+ 92. Ke2 Ra2+ 93. Kf1 Rh2 94. Ng5 Rh1+ 95. Ke2 Kf4 96. Bd2+ Kf5 97. Be1 Rh2+ 98. Kf3 Ra2 99. Bf2 Ra3+ 100. Be3 Ra2 101. Bf2 Ra4 102. Nh3 Rg4 103. Ng5 Rf4+ 104. Kg3 Rg4+ 105. Kf3 Ra4 106. Nh3 Ra3+ 107. Be3 Ra4 108. Bf2 1/2-1/2


[Site "https://www.chess.com"]

[Event "Titled Tuesday Blitz September 28 2021"]
[White "Timofeev, Artyom"]
[Black "Vrencian, Lehel"]
[WhiteFideId "4140419"]
[BlackFideId "1230999"]
[WhiteElo "2882"]
[BlackElo "2444"]
[Result "0-1"]
[Round "05"]
[TimeControl "180+1"]
[Date "2021.09.28"]
[WhiteClock "0:00:03"]
[BlackClock "0:00:04"]

1. c4 e5 2. e3 Nc6 3. Nc3 Nf6 4. d3 d5 5. cxd5 Nxd5 6. Nf3 Be7 7. Be2 O-O 8. O-O Be6 9. a3 a5 10. Qc2 Nb6 11. b3 f5 12. Bb2 Bf6 13. Rac1 Qe8 14. Nb5 Qf7 15. Nd2 Rae8 16. Rfe1 Kh8 17. Bf3 Bd5 18. e4 fxe4 19. dxe4 Be6 20. g3 Bg5 21. Re3 Bxe3 22. fxe3 Rd8 23. Rf1 Qd7 24. Rf2 h6 25. h4 Rf7 26. Bc3 Qd3 27. Qxd3 Rxd3 28. Be2 Rxf2 29. Kxf2 Rd7 30. Nc4 Nxc4 31. bxc4 a4 32. Ke1 Kg8 33. Bd2 Kf7 34. h5 Ke7 35. Nc3 Rd8 36. Nxa4 Ra8 37. Nc5 Rxa3 38. Nxb7 Ra1+ 39. Kf2 Ra2 40. Ke1 Rc2 41. Bd3 Ra2 42. Nc5 Na5 43. Nxe6 Kxe6 44. Bb4 Nb3 45. Be2 c5 46. Bc3 Nc1 47. Bg4+ Kf6 48. Kd1 Nd3 49. Bf5 Rg2 50. g4 Nf2+ 51. Ke1 Nxg4 52. Ba5 Nxe3 53. Bd8+ Kf7 54. Bg6+ Ke6 55. Bb6 Nxc4 56. Bxc5 Nd6 57. Kf1 Rg4 58. Ke2 Rxg6 59. hxg6 Nxe4 60. Bf8 Kf6 61. Ke3 Ng5 62. Bd6 Kxg6 63. Bxe5 Ne6 64. Ke4 Kg5 65. Kd5 Nf4+ 66. Ke4 Ne6 67. Bc3 g6 68. Bd2+ Kh5 69. Ke5 Ng5 70. Be3 Nh3 71. Ke4 g5 72. Kf3 g4+ 73. Kg3 Ng5 74. Bc1 Ne4+ 75. Kf4 Nf6 76. Bb2 Nh7 0-1


[Site "https://www.chess.com"]

[Event "Titled Tuesday Blitz September 28 2021"]
[White "Tologon tegin, Semetei"]
[Black "Zubov, Alexander"]
[WhiteFideId "13800574"]
[BlackFideId "14109409"]
[WhiteElo "2224"]
[BlackElo "2740"]
[Result "0-1"]
[Round "05"]
[TimeControl "180+1"]
[Date "2021.09.28"]
[WhiteClock "0:00:25"]
[BlackClock "0:00:31"]

1. d4 Nf6 2. c4 g6 3. Nc3 d5 4. cxd5 Nxd5 5. e4 Nxc3 6. bxc3 Bg7 7. Bc4 c5 8. Ne2 Nc6 9. Be3 O-O 10. O-O b6 11. dxc5 Qc7 12. h3 Na5 13. Bd5 Rb8 14. cxb6 axb6 15. Bf4 e5 16. Be3 Ba6 17. Re1 Rfd8 18. Qc2 Bc4 19. Red1 Bxd5 20. exd5 Nc4 21. Bg5 f6 22. Bh4 Qc5 23. Ng3 Rxd5 24. Ne4 Rxd1+ 25. Rxd1 Qc6 26. f3 f5 27. Ng5 h6 28. Ne4 fxe4 29. fxe4 Ne3 30. Qb3+ Kh7 31. Rd3 Qxe4 32. Bf2 Qxg2# 0-1


[Site "https://www.chess.com"]

[Event "Titled Tuesday Blitz September 28 2021"]
[White "Tristan, Leonardo"]
[Black "Roberson, Peter T"]
[WhiteFideId "113816"]
[BlackFideId "412384"]
[WhiteElo "2404"]
[BlackElo "2283"]
[Result "1-0"]
[Round "05"]
[TimeControl "180+1"]
[Date "2021.09.28"]
[WhiteClock "0:00:05"]
[BlackClock "0:00:02"]

1. d4 Nf6 2. Nf3 d5 3. Bf4 c5 4. e3 Nc6 5. Nbd2 e6 6. c3 Bd6 7. Bg3 b6 8. Bb5 Bb7 9. Qa4 Qc7 10. Bxd6 Qxd6 11. Ne5 Rc8 12. Qxa7 Qc7 13. dxc5 bxc5 14. Nxc6 Bxc6 15. Qxc5 Qb7 16. a4 Nd7 17. Qb4 Rb8 18. Bxc6 Qxc6 19. Qa3 Qa6 20. b4 Qd3 21. Rd1 Rc8 22. Nb1 Qg6 23. O-O Ne5 24. b5 Nf3+ 25. Kh1 Qh5 26. h3 Rc4 27. Qd6 Rh4 28. Qg3 Ng5 29. Kh2 O-O 30. f4 Ne4 31. Qf3 Qh6 32. Rc1 Ra8 33. b6 Qf6 34. c4 Qd8 35. cxd5 exd5 36. Rfd1 Rxa4 37. Rxd5 1-0


[Site "https://www.chess.com"]

[Event "Titled Tuesday Blitz September 28 2021"]
[White "Tsydypov, Zhamsaran"]
[Black "Nguyen, Ngoc Truong Son"]
[WhiteFideId "4108566"]
[BlackFideId "12401110"]
[WhiteElo "2649"]
[BlackElo "2596"]
[Result "1-0"]
[Round "05"]
[TimeControl "180+1"]
[Date "2021.09.28"]
[WhiteClock "0:00:47"]
[BlackClock "0:00:03"]

1. d4 Nf6 2. Nf3 e6 3. c4 d5 4. Nc3 Be7 5. g3 O-O 6. Bg2 c6 7. O-O dxc4 8. Ne5 Nbd7 9. Nxc4 Nb6 10. Ne5 Nbd5 11. Qb3 Qb6 12. Rd1 Qxb3 13. axb3 Nb4 14. e3 Bd7 15. Bd2 Rfc8 16. Na4 Na6 17. Rac1 Be8 18. Nd3 Rd8 19. b4 Rab8 20. Nac5 Nc7 21. Ra1 Nb5 22. Ne5 Nd5 23. Bf1 Ndc7 24. Nc4 Nd5 25. Bg2 h6 26. h4 Ndc7 27. Na3 b6 28. Nd3 Rbc8 29. Nc4 Nd5 30. Be1 f6 31. Bh3 Bf7 32. Rdc1 Rc7 33. Na3 a6 34. Nc4 Ra7 35. Nf4 Nxf4 36. gxf4 Rb8 37. Bf1 Be8 38. Be2 c5 39. bxc5 bxc5 40. dxc5 Bxc5 41. Na5 Bd6 42. Nc6 Bxc6 43. Rxc6 Rd7 44. Raxa6 Bf8 45. Rxe6 Nc7 46. Rab6 Ra8 47. Rec6 Ra1 48. Kf1 Nd5 49. Rb8 Ne7 50. Ra6 Rc1 51. Raa8 Kh7 52. h5 1-0


[Site "https://www.chess.com"]

[Event "Titled Tuesday Blitz September 28 2021"]
[White "Urazayev, Arystanbek"]
[Black "Levitskiy, Andrey"]
[WhiteFideId "13709810"]
[BlackFideId "14132885"]
[WhiteElo "2321"]
[BlackElo "2340"]
[Result "1-0"]
[Round "05"]
[TimeControl "180+1"]
[Date "2021.09.28"]
[WhiteClock "0:01:36"]
[BlackClock "0:00:02"]

1. e4 c5 2. Nf3 d6 3. Bb5+ Nc6 4. d4 cxd4 5. Qxd4 Bd7 6. Qd3 Nf6 7. c4 g6 8. Nc3 Bg7 9. h3 O-O 10. Be3 a6 11. Bxc6 Bxc6 12. Nd4 Nd7 13. Rc1 Rc8 14. O-O Nc5 15. Qc2 Ne6 16. Nxe6 fxe6 17. Qb3 Kh8 18. Rfd1 Qa5 19. c5 dxc5 20. Qxe6 Rc7 21. Bd2 Qb6 22. Nd5 Qxb2 23. Nxc7 Bd4 24. Be3 Bxe3 25. fxe3 Rf2 26. Rd8+ Kg7 27. Qxe7+ Rf7 28. Qxc5 Qf2+ 29. Kh1 Bxe4 30. Qe5+ Kh6 31. Qxe4 Qg3 32. Nd5 Rf2 33. Rg1 Re2 34. Qf4+ 1-0


[Site "https://www.chess.com"]

[Event "Titled Tuesday Blitz September 28 2021"]
[White "Veiga, Emerson de Sousa"]
[Black "Maly, Alexey"]
[WhiteFideId "2151898"]
[BlackFideId "14103184"]
[WhiteElo "2034"]
[BlackElo "2250"]
[Result "0-1"]
[Round "05"]
[TimeControl "180+1"]
[Date "2021.09.28"]
[WhiteClock "0:00:05"]
[BlackClock "0:00:19"]

1. e4 c6 2. d4 d5 3. exd5 cxd5 4. c4 Nf6 5. Nc3 e6 6. c5 Be7 7. Nf3 O-O 8. Bf4 b6 9. b4 a5 10. a3 axb4 11. axb4 Rxa1 12. Qxa1 Nc6 13. Qa4 Bd7 14. b5 Nxd4 15. Nxd4 bxc5 16. Nc6 Bxc6 17. bxc6 Bd6 18. Bxd6 Qxd6 19. Bb5 d4 20. Nd1 Qe5+ 21. Kf1 Nd5 22. Qc4 h6 23. g3 Qe4 24. Kg1 Ra8 25. h4 Ra1 26. Kh2 Qf3 27. Qe2 Qxe2 28. Bxe2 Rb1 29. Bc4 Nc7 30. f4 Rb4 31. Bd3 c4 32. Be4 Kf8 33. Nf2 d3 34. Nxd3 cxd3 35. Bxd3 Rd4 36. Rd1 Ke7 37. Kg2 Kd6 38. Kf2 Kxc6 39. Rc1+ Kd6 40. Ke3 Rb4 41. Rd1 Nd5+ 42. Ke2 Nc3+ 43. Kd2 Nxd1 44. Kxd1 Rb2 0-1


[Site "https://www.chess.com"]

[Event "Titled Tuesday Blitz September 28 2021"]
[White "Visakh N R"]
[Black "Pert, Richard G"]
[WhiteFideId "25012223"]
[BlackFideId "404748"]
[WhiteElo "2454"]
[BlackElo "2441"]
[Result "1-0"]
[Round "05"]
[TimeControl "180+1"]
[Date "2021.09.28"]
[WhiteClock "0:00:38"]
[BlackClock "0:00:15"]

1. d4 d5 2. c4 e6 3. Nc3 Nf6 4. Nf3 Bb4 5. e3 O-O 6. Bd2 Re8 7. Rc1 Bf8 8. Be2 c6 9. O-O Nbd7 10. Qc2 a6 11. Rfd1 b5 12. cxd5 cxd5 13. a4 b4 14. Na2 a5 15. Bb5 Ba6 16. Bxa6 Rxa6 17. Be1 Nb6 18. b3 Ra8 19. Ne5 Rc8 20. Qe2 Nfd7 21. Nc6 Qg5 22. Nxa5 Rxc1 23. Nxc1 e5 24. dxe5 Qxe5 25. Nd3 Qe4 26. Qf3 Qg6 27. Bxb4 Bxb4 28. Nxb4 Ne5 29. Qe2 h5 30. Nxd5 Nxd5 31. Rxd5 Qe4 32. Rd1 Re6 33. Nc4 Nc6 34. Qxh5 Rh6 35. Qd5 Qg4 36. Qf3 Qh4 37. h3 Rf6 38. Qg3 Qh5 39. Qg4 Qc5 40. Qc8+ Kh7 41. Rd8 Qb4 42. Rh8+ Kg6 43. Qg4# 1-0


[Site "https://www.chess.com"]

[Event "Titled Tuesday Blitz September 28 2021"]
[White "Vivas Zamora, Fabian Ernesto"]
[Black "Stribuk, Artiom"]
[WhiteFideId "3902480"]
[BlackFideId "13515659"]
[WhiteElo "1966"]
[BlackElo "2224"]
[Result "0-1"]
[Round "05"]
[TimeControl "180+1"]
[Date "2021.09.28"]
[WhiteClock "0:00:01"]
[BlackClock "0:00:11"]

1. c4 Nf6 2. Nc3 c5 3. Nf3 b6 4. d4 cxd4 5. Nxd4 Bb7 6. Bg5 e6 7. e4 d6 8. Bd3 Be7 9. O-O Nbd7 10. Bc2 O-O 11. f4 a6 12. Qe2 Qc7 13. Kh1 Rac8 14. Bd3 Nc5 15. e5 Nxd3 16. exf6 Bxf6 17. Bxf6 gxf6 18. Qxd3 Qxc4 19. Rad1 Kh8 20. f5 Rg8 21. Nf3 Qg4 22. Rf2 Rg7 23. Qxd6 Rcg8 24. h3 Qxf5 25. Rg1 Bxf3 26. Rxf3 Qxf3 0-1


[Site "https://www.chess.com"]

[Event "Titled Tuesday Blitz September 28 2021"]
[White "Vogel, Roven"]
[Black "Kamsky, Gata"]
[WhiteFideId "12908088"]
[BlackFideId "2000024"]
[WhiteElo "2516"]
[BlackElo "2603"]
[Result "0-1"]
[Round "05"]
[TimeControl "180+1"]
[Date "2021.09.28"]
[WhiteClock "0:00:22"]
[BlackClock "0:00:46"]

1. Nf3 Nf6 2. c4 c6 3. Nc3 d5 4. e3 g6 5. Qb3 Bg7 6. cxd5 cxd5 7. Bb5+ Nc6 8. Ne5 Qd6 9. d4 O-O 10. f4 Bf5 11. O-O Rfc8 12. Bd2 Na5 13. Qa4 b6 14. Ba6 Rf8 15. Rac1 h5 16. Nb5 Qd8 17. Bxa5 bxa5 18. Bb7 Rb8 19. Nc6 Qb6 20. Nxb8 Rxb8 21. Bc6 Bd3 22. Nc3 Bxf1 23. Rxf1 e6 24. Bb5 Ng4 25. Rf3 Nxe3 0-1


[Site "https://www.chess.com"]

[Event "Titled Tuesday Blitz September 28 2021"]
[White "Vokhidov, Shamsiddin"]
[Black "Andreikin, Dmitry"]
[WhiteFideId "14204223"]
[BlackFideId "4158814"]
[WhiteElo "2875"]
[BlackElo "3015"]
[Result "0-1"]
[Round "05"]
[TimeControl "180+1"]
[Date "2021.09.28"]
[WhiteClock "0:00:45"]
[BlackClock "0:00:05"]

1. e4 e5 2. Nf3 Nc6 3. Bb5 Nf6 4. d3 Bc5 5. Bxc6 dxc6 6. Nbd2 Nd7 7. Nc4 Qe7 8. c3 b6 9. Ne3 Ba6 10. Nf5 Qf8 11. d4 exd4 12. b4 O-O-O 13. bxc5 dxc3 14. Ba3 Nxc5 15. N3d4 g6 16. Ne3 Nd3+ 17. Qxd3 Qxa3 18. Ndc2 Qa5 19. Nc4 Rxd3 20. Nxa5 bxa5 21. O-O Rhd8 22. Rfc1 Bb5 23. Ne1 Ba4 24. Nxd3 Rxd3 25. f3 c2 26. Kf2 c5 27. a3 c4 28. h4 Kd7 29. Kg3 Kd6 30. Kf4 f6 31. g4 c3 32. g5 fxg5+ 33. hxg5 Rd1 34. Ke3 Kc5 35. Ke2 Rd2+ 36. Ke3 Kc4 37. Rh1 Kb3 38. f4 Kb2 39. f5 Rd1 40. Raxd1 cxd1=Q 41. Rxd1 Bxd1 42. f6 c2 0-1


[Site "https://www.chess.com"]

[Event "Titled Tuesday Blitz September 28 2021"]
[White "Wadsworth, Matthew J"]
[Black "Kovalev, Vladislav"]
[WhiteFideId "415804"]
[BlackFideId "13504398"]
[WhiteElo "2293"]
[BlackElo "2573"]
[Result "0-1"]
[Round "05"]
[TimeControl "180+1"]
[Date "2021.09.28"]
[WhiteClock "0:00:01"]
[BlackClock "0:00:16"]

1. c4 g6 2. g3 Bg7 3. Bg2 d6 4. Nc3 e5 5. d3 Ne7 6. Rb1 O-O 7. b4 f5 8. e3 e4 9. Nge2 exd3 10. Qxd3 Nbc6 11. Nd5 Ne5 12. Qc2 c6 13. Nxe7+ Qxe7 14. O-O Be6 15. c5 d5 16. Bb2 g5 17. Bxe5 Bxe5 18. f4 Bg7 19. Nd4 Rae8 20. Rbe1 Bd7 21. fxg5 Qxg5 22. Qf2 Rxe3 23. Qxe3 Qxe3+ 24. Rxe3 Bxd4 25. Re1 f4 26. gxf4 Rxf4 27. b5 Bxc5 28. Kh1 Bxe3 29. Rxe3 Kf7 30. Ra3 Rb4 31. h3 Rxb5 32. Rxa7 Ke7 33. a4 Rb1+ 34. Kh2 Rb2 35. a5 Kd6 36. a6 bxa6 37. Rxa6 h5 38. h4 Ke5 39. Kg3 Rb3+ 40. Kf2 Rc3 41. Bf3 Bg4 42. Bg2 c5 43. Ra8 Rc2+ 44. Kg3 c4 45. Re8+ Be6 46. Kf3 Kd6 0-1


[Site "https://www.chess.com"]

[Event "Titled Tuesday Blitz September 28 2021"]
[White "Wagner, Dennis"]
[Black "Langrock, Hannes"]
[WhiteFideId "24650684"]
[BlackFideId "4655290"]
[WhiteElo "2355"]
[BlackElo "2325"]
[Result "0-1"]
[Round "05"]
[TimeControl "180+1"]
[Date "2021.09.28"]
[WhiteClock "0:00:10"]
[BlackClock "0:00:04"]

1. e4 c5 2. Nf3 e6 3. d4 cxd4 4. Nxd4 Nf6 5. Nc3 Nc6 6. Ndb5 Bc5 7. Bf4 O-O 8. Bc7 Qe7 9. Bd6 Bxd6 10. Qxd6 Qd8 11. Be2 a6 12. Nc7 Ra7 13. e5 b5 14. exf6 Qxc7 15. Qd2 Qe5 16. fxg7 Qxg7 17. Ne4 d5 18. Ng3 Kh8 19. O-O f5 20. c3 Rg8 21. f4 d4 22. Bf3 dxc3 23. bxc3 Na5 24. Nh5 Qd7 25. Qf2 Nc4 26. Rad1 Qe7 27. Qd4+ e5 28. fxe5 Rd7 29. Bd5 Rxd5 30. Qxd5 Bb7 31. Qxg8+ Kxg8 32. Nf6+ Kf8 33. Rxf5 Qc5+ 34. Kh1 Kg7 35. Rd7+ Kg6 36. Rf1 Bc6 37. Rc7 Bxg2+ 38. Kxg2 Qxc7 39. Ng4 Qc6+ 40. Kg3 Qd5 41. Rf6+ Kg7 42. Rf5 Qd3+ 43. Kf4 Qd2+ 44. Kg3 Qxc3+ 45. Kh4 Qe1+ 46. Kh5 Ne3 47. Rg5+ Kf7 48. e6+ Ke7 49. Nh6 Qe2+ 50. Kh4 Qf3 51. Rg7+ Kxe6 52. Ng4 Nxg4 53. Rxg4 Qf6+ 54. Kh3 a5 55. Rg3 b4 56. Re3+ Kf7 57. Rg3 Qf5+ 58. Kg2 a4 59. Rf3 Kf6 60. Rh3 b3 61. Rh6+ Kg5 62. Ra6 Qd5+ 63. Kg3 bxa2 64. h4+ Kh5 65. Rxa4 Qe5+ 66. Kh3 a1=Q 67. Ra2 Qac3+ 68. Kg2 Qe4+ 69. Kf1 Qb1+ 70. Kg2 Qxa2+ 71. Kh1 Qc1# 0-1


[Site "https://www.chess.com"]

[Event "Titled Tuesday Blitz September 28 2021"]
[White "Warmerdam, Max"]
[Black "Jeet, Jain"]
[WhiteFideId "1048104"]
[BlackFideId "5073022"]
[WhiteElo "2537"]
[BlackElo "2085"]
[Result "1-0"]
[Round "05"]
[TimeControl "180+1"]
[Date "2021.09.28"]
[WhiteClock "0:01:33"]
[BlackClock "0:00:15"]

1. e4 e5 2. Nf3 Nc6 3. Bb5 a6 4. Ba4 Nf6 5. O-O Be7 6. Bxc6 dxc6 7. d3 Bd6 8. Be3 O-O 9. Nc3 Nd7 10. Nd2 c5 11. a4 Nb8 12. Nc4 Nc6 13. Nxd6 cxd6 14. f4 Nd4 15. f5 Bd7 16. f6 g6 17. Nd5 Re8 18. Qd2 Re6 19. c3 Nb3 20. Qf2 Nxa1 21. Rxa1 Bc6 22. Bg5 Kf8 23. Qh4 h5 24. g4 Ke8 25. gxh5 gxh5 26. Qxh5 Rc8 27. c4 Qa5 28. Qh7 Kd8 29. Qxf7 Bxd5 30. exd5 Re8 31. Qxb7 Qc7 32. f7+ Re7 33. f8=Q+ 1-0


[Site "https://www.chess.com"]

[Event "Titled Tuesday Blitz September 28 2021"]
[White "Yuan, Qingyu"]
[Black "Martin Carmona, Gaston Manuel"]
[WhiteFideId "8609772"]
[BlackFideId "22284567"]
[WhiteElo "2359"]
[BlackElo "2161"]
[Result "0-1"]
[Round "05"]
[TimeControl "180+1"]
[Date "2021.09.28"]
[WhiteClock "0:00:04"]
[BlackClock "0:00:11"]

1. Nf3 Nf6 2. c4 g6 3. b3 Bg7 4. Bb2 O-O 5. g3 c5 6. Bg2 Nc6 7. O-O d6 8. d4 cxd4 9. Nxd4 Bd7 10. Nc3 Nxd4 11. Qxd4 Bc6 12. Rad1 Bxg2 13. Kxg2 Qc8 14. Qe3 Re8 15. Rd3 Ng4 16. Qe4 Qc6 17. Rb1 Qxe4+ 18. Nxe4 Bxb2 19. Rxb2 Ne5 20. Rd5 Rac8 21. c5 f5 22. cxd6 fxe4 23. d7 Nxd7 24. Rxd7 Rc6 25. Rxb7 a6 26. Rb4 Re6 27. Rc2 Rd8 28. Rcc4 e3 29. Re4 Rxe4 30. Rxe4 exf2 31. Rxe7 Rd2 32. a4 Rb2 33. Re3 Kf7 34. Kxf2 a5 35. Kf3 Kf6 36. h4 h5 37. Ke4 Rb1 38. Kd4 Kf5 39. Kc5 Kg4 40. Kb5 Rg1 41. Kxa5 Rxg3 42. Rxg3+ Kxg3 43. b4 Kxh4 44. b5 g5 45. b6 g4 46. b7 g3 47. b8=Q Kh3 48. Qf4 h4 49. e4 g2 50. Qf3+ Kh2 51. Qf4+ Kh3 52. Qg5 g1=Q 53. Qf5+ Kh2 54. Kb5 Qb1+ 55. Ka6 Qd3+ 56. Ka5 h3 57. Qf4+ Kg2 58. e5 h2 59. Qg4+ Kf2 60. Qf4+ Kg2 61. Qg4+ Qg3 62. Qe2+ Qf2 63. Qg4+ Kf1 64. Qd1+ Qe1+ 65. Qxe1+ Kxe1 66. e6 h1=Q 67. e7 Qa8+ 0-1


[Site "https://www.chess.com"]

[Event "Titled Tuesday Blitz September 28 2021"]
[White "Zhigalko, Sergei"]
[Black "Rustemov, Alexander"]
[WhiteFideId "13502956"]
[BlackFideId "4119002"]
[WhiteElo "2662"]
[BlackElo "2764"]
[Result "1-0"]
[Round "05"]
[TimeControl "180+1"]
[Date "2021.09.28"]
[WhiteClock "0:00:05"]
[BlackClock "0:00:03"]

1. e4 e6 2. d4 d5 3. e5 c5 4. c3 Qb6 5. Nf3 Bd7 6. Be2 cxd4 7. cxd4 Bb5 8. Nc3 Bxe2 9. Nxe2 Bb4+ 10. Kf1 Qa6 11. g3 Nc6 12. Kg2 Nge7 13. h4 h5 14. Bg5 Nf5 15. a3 Be7 16. Bxe7 Ncxe7 17. Rc1 Rc8 18. Rxc8+ Nxc8 19. Nf4 Nce7 20. Qc2 Qc4 21. Qd2 Nc6 22. Rc1 Qa4 23. Rc3 g6 24. Ne2 O-O 25. Qg5 Qd1 26. Nf4 Ncxd4 27. Nxh5 Nxf3 28. Rxf3 Rc8 29. Nf6+ Kg7 30. Rc3 Rxc3 31. bxc3 Qe2 32. Nd7 Qe4+ 33. Kh2 Qe2 34. Qf6+ Kg8 35. Qd8+ Kg7 36. Qf8+ Kh7 37. Nf6# 1-0


[Site "https://www.chess.com"]

[Event "Titled Tuesday Blitz September 28 2021"]
[White "pawel83"]
[Black "Shimelkov, Vasiliy"]
[BlackFideId "13701630"]
[WhiteElo "2404"]
[BlackElo "2073"]
[Result "1-0"]
[Round "05"]
[TimeControl "180+1"]
[Date "2021.09.28"]
[WhiteClock "0:00:46"]
[BlackClock "0:00:19"]

1. d4 d5 2. Nf3 Nf6 3. e3 e6 4. Bd3 Be7 5. O-O O-O 6. b3 b6 7. Bb2 Bb7 8. Nbd2 Nbd7 9. Qe2 c5 10. Rad1 Rc8 11. Rfe1 Qc7 12. c4 cxd4 13. Nxd4 Bb4 14. a3 Bxd2 15. Rxd2 Ne5 16. cxd5 Nxd3 17. Qxd3 Nxd5 18. Nb5 Qb8 19. e4 Nf4 20. Qg3 Ng6 21. Nd6 Rcd8 22. Red1 Ba8 23. h4 h5 24. Qg5 Rd7 25. Qxh5 Rfd8 26. e5 Bxg2 27. Qg4 Ba8 28. h5 Ne7 29. Qg5 Rxd6 30. Rxd6 Rxd6 31. exd6 Qb7 32. Qxg7# 1-0


[Site "https://www.chess.com"]

[Event "Titled Tuesday Blitz September 28 2021"]
[White "Aghasiyev, Kamal"]
[Black "Yeletsky, Ivan"]
[WhiteFideId "13402854"]
[BlackFideId "24180327"]
[WhiteElo "2210"]
[BlackElo "2344"]
[Result "0-1"]
[Round "06"]
[TimeControl "180+1"]
[Date "2021.09.28"]
[WhiteClock "0:00:03"]
[BlackClock "0:00:07"]

1. d4 Nf6 2. c4 Nc6 3. Nf3 d6 4. g3 e5 5. Bg2 Bg4 6. d5 Ne7 7. Qb3 b6 8. Bg5 Ng6 9. Nc3 Be7 10. O-O O-O 11. Bxf6 Bxf6 12. e4 Be7 13. Qc2 a5 14. b3 Bd7 15. Nd2 Bg5 16. Rfe1 f5 17. Bh3 Bxd2 18. Qxd2 f4 19. Bg2 Rf7 20. a3 h5 21. h4 f3 22. Bf1 Nxh4 23. Kh2 Ng6 24. Bh3 Bxh3 25. Kxh3 Qd7+ 26. Kh2 Qg4 27. Rh1 h4 28. Rag1 Rf6 29. Nd1 Qxe4 30. Ne3 Kf7 31. Qc2 hxg3+ 32. Rxg3 Rh8+ 33. Kg1 Rxh1+ 34. Kxh1 Qxc2 35. Nxc2 e4 36. Ne3 Ne5 37. Rh3 Rh6 38. Rxh6 gxh6 39. Kh2 Kf6 40. Kg3 Kg5 41. b4 h5 0-1


[Site "https://www.chess.com"]

[Event "Titled Tuesday Blitz September 28 2021"]
[White "Aitbayev, Aslan"]
[Black "Kislov, Oleg"]
[WhiteFideId "13704613"]
[BlackFideId "13503774"]
[WhiteElo "2417"]
[BlackElo "2252"]
[Result "1-0"]
[Round "06"]
[TimeControl "180+1"]
[Date "2021.09.28"]
[WhiteClock "0:00:18"]
[BlackClock "0:00:02"]

1. e4 c5 2. Nf3 Nc6 3. Bb5 g6 4. Bxc6 dxc6 5. d3 Bg7 6. h3 e5 7. Nc3 Qe7 8. O-O Nf6 9. Nh2 O-O 10. f4 exf4 11. Bxf4 Nh5 12. Qf3 Nxf4 13. Qxf4 Be6 14. Rae1 b5 15. e5 f6 16. exf6 Rxf6 17. Qe4 Rxf1+ 18. Nxf1 Re8 19. Qxc6 Bd4+ 20. Kh1 Bd7 21. Qd5+ Qf7 22. Rxe8+ Bxe8 23. Qxf7+ Kxf7 24. Nd1 Ke6 25. c3 Bf6 26. Kg1 b4 27. Kf2 Ba4 28. Nfe3 a6 29. b3 Bb5 30. c4 Bc6 31. Nc2 a5 32. Nde3 a4 33. Ng4 Bg7 34. Nge3 a3 35. g3 Bc3 36. Ng2 Bb2 37. Nf4+ Kd6 38. Ne2 Ke5 39. Ke3 h5 40. h4 Kf5 41. d4 Be4 42. g4+ Kxg4 43. Kxe4 cxd4 44. Nf4 Kxh4 45. Nxg6+ Kg5 46. Ne5 h4 47. c5 h3 48. c6 d3 49. Nxd3 h2 50. Nf2 Bc3 51. c7 1-0


[Site "https://www.chess.com"]

[Event "Titled Tuesday Blitz September 28 2021"]
[White "Aldokhin, Ivan"]
[Black "Sadovsky, Artem"]
[WhiteFideId "24115720"]
[BlackFideId "4155840"]
[WhiteElo "2265"]
[BlackElo "2414"]
[Result "1-0"]
[Round "06"]
[TimeControl "180+1"]
[Date "2021.09.28"]
[WhiteClock "0:00:03"]
[BlackClock "0:00:09"]

1. e4 g6 2. d4 Bg7 3. Nc3 c6 4. Nf3 d5 5. h3 dxe4 6. Nxe4 Nd7 7. Qe2 Ndf6 8. Nc5 e6 9. Bg5 Ne7 10. O-O-O a5 11. Ne5 b6 12. Bxf6 Bxf6 13. Qf3 Bg5+ 14. Kb1 O-O 15. h4 Bh6 16. Ne4 f5 17. Nc3 b5 18. Bxb5 Rb8 19. Nxc6 Nxc6 20. Qxc6 Rb6 21. Qc5 Rf7 22. d5 Bf8 23. dxe6 Qxd1+ 24. Rxd1 Bxc5 25. exf7+ Kxf7 26. Bc4+ Kg7 27. Rd8 Be6 28. Nd5 Bxd5 29. Bxd5 Bxf2 30. Rd7+ Kf6 31. Rxh7 Bd4 32. b3 Bc3 33. Rd7 Ke5 34. Bf3 Kf4 35. Rd3 Be5 36. c4 Rb8 37. c5 Kg3 38. Rd5 Bf4 39. h5 gxh5 40. Rxf5 h4 41. Bd5 Rc8 42. c6 Rc7 43. Kc2 Kg4 44. Rf8 Bd6 45. Bf3+ Kg3 46. Rg8+ Kf2 47. Bd5 Ke3 48. Rg6 Be5 49. a3 Kd4 50. Bf3 Kc5 51. Rg5 Kd4 52. Rg4+ Kc5 53. Rc4+ Kb5 54. Kd3 Bd6 55. Ke4 Bxa3 56. Kd5 Bb4 57. Be2 Kb6 58. Bf3 Re7 59. Rxh4 Rc7 60. Ke6 Re7+ 61. Kd5 Rc7 62. Re4 Rxc6 63. Rc4 Rg6 64. Be4 Rg5+ 65. Ke6 Rg4 66. Kd5 Rg5+ 67. Ke6 Be1 68. Rc6+ Kb5 69. Kd7 Bg3 70. Bf3 Rg7+ 71. Ke8 Ra7 72. Rc4 Bf4 73. Be2 Be3 74. Re4+ Kc5 75. Rxe3 Ra8+ 76. Ke7 Kd4 77. Rd3+ Ke4 78. Rd7 Ke3 79. Bc4 a4 80. bxa4 Rxa4 81. Bd5 Rg4 82. Kd6 Kd4 83. Re7 Rg6+ 84. Re6 Rg5 85. Bc6 Rg7 86. Rf6 Kd3 87. Rf4 Ke3 88. Rf5 Kd4 89. Rf6 Ke3 90. Ke6 Kd4 91. Bd5 Rg5 92. Rf5 Rg6+ 93. Rf6 Rg5 94. Bc6 Re5+ 95. Kd6 Rg5 96. Rf2 Ke3 97. Rf3+ Kd4 98. Rf6 Ke3 99. Re6+ Kd4 100. Re7 Rg6+ 101. Re6 Rg5 102. Kc7 Kc5 103. Rf6 Kd4 104. Rf2 Ke3 105. Rb2 Rg6 106. Kb6 Kd4 107. Ra2 Kc3 108. Ra4 Kd3 109. g4 Ke3 110. Kc7 Rg7+ 111. Kd8 Kf2 112. Bd7 Kg3 113. Kc7 Kh4 114. Ra3 Kg5 115. Ra5+ Kf4 116. Rf5+ Ke4 117. Rc5 Kf4 118. Rc6 Kg5 119. Rd6 Kf4 120. Kd8 Ke5 121. Re6+ Kf4 122. Re7 Rg8+ 123. Re8 Rg7 124. Rf8+ Ke5 125. Ke8 Kd6 126. Rf6+ Ke5 127. Re6+ Kd5 128. Re7 Rg5 129. Kf7 Kd6 130. Bf5 Rxf5+ 131. gxf5 1-0


[Site "https://www.chess.com"]